 Dungeon Crawl Stone Soup version 0.27-a0-1334-g2746e35aca (webtiles) character file.

Game seed: 9949268619567028949

18 Delamore the Sneak (level 2, 0/19 HPs)
             Began as an Octopode Brigand on June 26, 2021.
             Slain by a jackal (3 damage)
             ... on level 1 of the Dungeon.
             The game lasted 00:00:30 (401 turns).

Delamore the Sneak (Octopode Brigand)                Turns: 401, Time: 00:00:31

Health: 0/19       AC:  1    Str: 10    XL:     2   Next: 70%
Magic:  2/2        EV: 12    Int: 13    God:
Gold:   17         SH:  0    Dex: 13    Spells: 1/1 levels left

rFire    . . .     SeeInvis .   a - +2 dagger
rCold    . . .     Faith    .   (no shield)
rNeg     . . .     Spirit   .   (helmet restricted)
rPois    .         Reflect  .   (no amulet)
rElec    .         Harm     .   (no ring)
rCorr    .         Rampage  .   (no ring)
Will     .....                  (no ring)
Stlth    ++++......             (no ring)
HPRegen  0.06/turn              (no ring)
MPRegen  0.08/turn              (no ring)
                                (no ring)
                                (no ring)

@: no status effects
A: almost no armour, amphibious, 8 rings, camouflage 1, gelatinous body 1,
(nimble swimmer 1), tentacles
a: no special abilities


You were on level 1 of the Dungeon.
You visited 1 branch of the dungeon, and saw 1 of its levels.

You collected 17 gold pieces.

Inventory:

Hand Weapons
 a - a +2 dagger (weapon)
Missiles
 b - 8 poisoned darts (quivered)
 c - 2 curare-tipped darts
Potions
 d - a potion of degeneration {unknown}
 e - 2 potions of curing {unknown}


   Skills:
 + Level 2.2 Fighting
 * Level 2.5 Short Blades
 - Level 2.0 Throwing
 - Level 1.0 Dodging
 * Level 5.8 Stealth


You had one spell level left.
You didn't know any spells.
Your spell library contained the following spells:

 Spells                   Type           Power      Damage    Failure   Level
 Animate Skeleton         Necr           0%         N/A       30%         1
 Apportation              Tloc           0%         N/A       30%         1
 Corona                   Hex            0%         N/A       30%         1
 Summon Small Mammal      Summ           0%         N/A       30%         1


Dungeon Overview and Level Annotations

Branches:
Dungeon (1/15)

Altars:


Innate Abilities, Weirdness & Mutations

You cannot wear most types of armour.
You are amphibious.
You can wear up to eight rings at the same time.
Your skin changes colour to match your surroundings (Stealth+).
Your rubbery body absorbs attacks. (AC +1, EV +1)
((You are camouflaged near water. (Stealth+)))
You have tentacles for arms and can constrict up to eight enemies at once.


Message History

The jackal barely misses you.
You miss the jackal. Your grab misses the jackal. The jackal misses you.
The jackal closely misses you.
You hit the jackal but do no damage. You grab the jackal.
You constrict the jackal, but do no damage.
The jackal closely misses you.
The jackal bites you but does no damage.
The jackal misses you.
You hit the jackal but do no damage.
You constrict the jackal, but do no damage.
The jackal closely misses you. x2; The jackal bites you.
You are too injured to fight recklessly!
You are too injured to fight recklessly!
You are too injured to fight recklessly!
You are too injured to fight recklessly!
You are too injured to fight recklessly!
You release your grip on the jackal.
The jackal closely misses you.
You closely miss the jackal. You grab the jackal. You constrict the jackal.
The jackal misses you.
You hit the jackal.
The jackal is moderately wounded.
You constrict the jackal. The jackal bites you.
You hit the jackal.
The jackal is almost dead.
You constrict the jackal, but do no damage.
The jackal barely misses you.
You hit the jackal but do no damage. You squeeze the jackal.
You kill the jackal!
You completely miss the jackal. You grab the jackal.
You constrict the jackal, but do no damage.
The jackal barely misses you.
You hit the jackal but do no damage.
You constrict the jackal, but do no damage.
The jackal closely misses you. The jackal bites you.
* * * LOW HITPOINT WARNING * * *
You hit the jackal.
The jackal is moderately wounded.
You constrict the jackal. The jackal bites you.
You die...

###### #..... #.....
#..### #..#..
##############.#.....
#........#.....#.####
#.######.#.#####.#
#...@h.#.........#
######.###########
.......).......
#######.####### #.#
#.# #.. ###


You could see a jackal.

Vanquished Creatures
  A dart slug (D:1)
  A ball python (D:1)
  A bat zombie (D:1)
  A hobgoblin (D:1)
  6 jackals (D:1)
  A kobold (D:1)
  A giant cockroach zombie (D:1)
  2 rats (D:1)
14 creatures vanquished.

Vanquished Creatures (others)
  A plant (D:1)
1 creature vanquished.

Grand Total: 15 creatures vanquished

Notes
Turn   | Place    | Note
-------+----------+-------------------------------------------
     0 | D:1      | Delamore the Octopode Brigand began the quest for the Orb.
     0 | D:1      | Reached XP level 1. HP: 14/14 MP: 1/1
   111 | D:1      | Reached XP level 2. HP: 19/19 MP: 2/2
   401 | D:1      | Slain by a jackal

Illustrated notes

Levels and vault maps discovered:
D:1:      saegor_arrival_fortress, layout_basic, minmay_crystal_water,
          chequers_big_river

Action                   || total
-------------------------++-------
Melee: Dagger            ||    37
       Constrict         ||    10
       Tentacles         ||     4
 Stab: Sleeping          ||     2
       Distracted        ||     1
Armor: Skin              ||     7
Dodge: Dodged            ||    31

Table legend: (Time is in decaauts)
 A = Elapsed time spent in this place.
 B = Non-inter-level travel time spent in this place.
 C = Inter-level travel time spent in this place.
 D = Time resting spent in this place.
 E = Time spent auto-exploring this place.
 F = Levels seen in this place.
 G = Mean time per level.
                   A        B        C        D        E       F      G
               +--------+--------+--------+--------+--------+-----+--------+
         Total |    397 |    397 |      0 |      0 |    322 |   1 |  397.0 |
       Dungeon |    397 |    397 |      0 |      0 |    322 |   1 |  397.0 |
               +--------+--------+--------+--------+--------+-----+--------+

Top non-repeatable levels by time:
     D:1: 397 daAuts
